[Event "World Chess Trophy 2018"]
[Site "Tenerife"]
[Date "2018.06.17"]
[Round "1"]
[White "Cacciola, Alfredo"]
[Black "Kovacs, Zoltan"]
[Result "1/2-1/2"]
[ECO "C18"]
[WhiteElo "2219"]
[BlackElo "2146"]
[Annotator "NA"]
[PlyCount "55"]
[EventDate "2018.06.17"]
[EventType "swiss"]
[EventCountry "ESP"]
[SourceTitle "playchess.com"]
[Source "ChessBase"]
[SourceQuality "1"]
[TimeControl "5400+30"]

1. e4 e6 2. d4 d5 3. Nc3 Bb4 4. e5 Ne7 5. a3 Bxc3+ 6. bxc3 c5 7. h4 {[%emt 0:00:37] LiveBook: 799 Games} Qa5 8. Bd2 Qa4 9. Qb1 {[%emt 0:01:20] C18: French: 3 Nc3 Bb4: Main line: 7 h4 and 7 Qg4} (9. h5 Nbc6 10. h6 gxh6 11. Nf3 cxd4 12. cxd4 Nxd4 13. Bd3 Nec6 14. Rb1 Rg8 15. Kf1 Nxf3 16. gxf3 b6 {0-1 (27) Sutovsky,E (2642)-Ivanchuk,V (2720) Ashdod 2015}) 9... a6 10. Qb3 Qxb3 11. cxb3 Nbc6 12. Nf3 cxd4 13. cxd4 f6 $146 ({Predecessor:} 13... Nf5 14. Bc3 h5 15. a4 O-O 16. Bd3 Bd7 {½-½ (43) Staniszewski,P (2415)-Morkisz,B (2220) Katowice 1995}) 14. h5 Nf5 15. h6 Ncxd4 $2 (15... g6 $14) 16. Nxd4 Nxd4 17. hxg7 Rg8 18. Rc1 (18. exf6 $18 Nc2+ 19. Kd1 Nxa1 20. Be2) 18... Rxg7 19. exf6 Rf7 20. Bg5 (20. Bc3 $16 e5 21. Bxd4 (21. Rh5 Be6 $16) 21... exd4 22. Be2) 20... e5 $1 21. Be2 Nxe2 22. Kxe2 Be6 23. Ke3 Kd7 24. f4 Rg8 25. g3 Kd6 26. fxe5+ Kxe5 27. Bf4+ Kxf6 28. Kd4 $11 1/2-1/2

[Event "World Chess Trophy 2018"]
[Site "Tenerife"]
[Date "2018.06.17"]
[Round "1"]
[White "De Rosa, Mariagrazia"]
[Black "Kohlweyer, Bernd"]
[Result "1/2-1/2"]
[ECO "B90"]
[WhiteElo "2120"]
[BlackElo "2345"]
[Annotator "ChessBase"]
[PlyCount "34"]
[EventDate "2018.06.17"]
[EventType "swiss"]
[EventCountry "ESP"]
[SourceTitle "playchess.com"]
[Source "ChessBase"]
[SourceQuality "1"]
[TimeControl "5400+30"]

1. e4 c5 2. Nf3 d6 3. d4 cxd4 4. Nxd4 Nf6 5. Nc3 a6 6. Be3 Nbd7 7. h3 b5 8. a4 bxa4 9. Rxa4 Nc5 10. Nc6 Qc7 11. Bxc5 Qxc6 12. Be3 e6 13. Be2 Nd7 14. Qd4 Be7 15. Rc4 Qb7 16. Rb4 Qc6 17. Rc4 Qb7 1/2-1/2

[Event "World Chess Trophy 2018"]
[Site "Tenerife"]
[Date "2018.06.17"]
[Round "1"]
[White "Harstad, Christian"]
[Black "Jacobs, Paul"]
[Result "1-0"]
[ECO "D53"]
[WhiteElo "1985"]
[BlackElo "1867"]
[Annotator "NA"]
[PlyCount "35"]
[EventDate "2018.06.17"]
[EventType "swiss"]
[EventCountry "ESP"]
[SourceTitle "playchess.com"]
[Source "ChessBase"]
[SourceQuality "1"]
[TimeControl "5400+30"]

1. d4 d5 2. c4 e6 3. Nc3 Nf6 4. Nf3 a6 {[%emt 0:00:13] LiveBook: 372 Games} 5. Bg5 Be7 6. e3 dxc4 7. Bxc4 b5 {[%emt 0:00:11] D53: Damengambit (Hauptvariante, Abweichungen)} 8. Bd3 Bb7 9. Qe2 Nbd7 10. O-O (10. e4 h6 11. Bxf6 Bxf6 12. e5 Be7 13. a4 O-O 14. O-O c5 15. axb5 Bxf3 16. Qxf3 cxd4 {½-½ (26) Indjic,A (2536)-Miladinovic,I (2556) Sarajevo 2013}) 10... O-O 11. e4 c5 12. e5 Nd5 13. Qe4 g6 14. Qh4 $1 f5 $146 ({Vorgänger:} 14... f6 15. exf6 N7xf6 16. Qh3 Bc8 17. Qh4 c4 18. Be2 Nxc3 19. bxc3 {0-1 (70) Salcedo,J (1995)-Toro Castaneda,E (1792) Guatape 2016}) 15. Nxd5 Bxg5 16. Nxg5 h5 17. Nf4 Nxe5 18. dxe5 $18 1-0

[Event "World Chess Trophy 2018"]
[Site "Tenerife"]
[Date "2018.06.17"]
[Round "1"]
[White "Rutherford, William"]
[Black "Cova, Ennio"]
[Result "1-0"]
[ECO "A47"]
[WhiteElo "1959"]
[BlackElo "1640"]
[Annotator "NA RC"]
[PlyCount "61"]
[EventDate "2018.06.17"]
[EventType "swiss"]
[EventCountry "ESP"]
[SourceTitle "playchess.com"]
[Source "ChessBase"]
[SourceQuality "1"]
[TimeControl "5400+30"]

1. d4 Nf6 2. Bf4 e6 3. e3 Be7 4. Bd3 b6 5. Nf3 Bb7 6. c4 {[%emt 0:02:02] A47: Damenindisch (ohne c2-c4)} (6. h3 O-O 7. Nbd2 c5 8. c3 cxd4 9. exd4 d6 10. O-O Nbd7 11. Re1 Re8 12. Bh2 a6 13. a4 Nf8 14. Ng5 Qd7 15. Qe2 Bc6 16. Bxa6 Bxa4 17. Bd3 Bc6 18. Nc4 {1-0 (82) Giri,A (2755)-Tomashevsky,E (2731) Moscow 2016}) 6... d6 7. Nc3 Nbd7 8. h3 O-O 9. O-O Re8 10. e4 e5 11. Be3 $146 ({Vorgänger:} 11. dxe5 dxe5 12. Bg5 {½-½ (67) Bublei,P (2354)-Krapivin,A (2443) Moscow 2015}) 11... exd4 $1 12. Nxd4 Bf8 13. f3 a6 14. Qd2 g6 15. Rfe1 Bg7 16. Rad1 Rc8 17. Bc2 Ne5 18. b3 Nc6 19. Nde2 Ne5 20. Nf4 Nfd7 21. Nfd5 Nc5 (21... c6 $14) 22. Bg5 f6 23. Bh4 g5 24. Bf2 Ne6 25. Ne2 Bxd5 26. exd5 Nf8 27. Nd4 c5 $2 (27... a5 28. g3 Ra8) 28. dxc6 Nxc6 $18 (28... Qc7 $142 29. Nf5 Rcd8 30. Qd5+ Kh8) 29. Nxc6 Rxe1+ 30. Rxe1 Rxc6 31. Qd5+ 1-0

[Event "World Chess Trophy 2018"]
[Site "Tenerife"]
[Date "2018.06.17"]
[Round "1"]
[White "Heimbaecher, Peter"]
[Black "Aledo Yanguas, David"]
[Result "0-1"]
[ECO "C00"]
[WhiteElo "1758"]
[BlackElo "1986"]
[Annotator "NA RC"]
[PlyCount "85"]
[EventDate "2018.06.17"]
[EventType "swiss"]
[EventCountry "ESP"]
[SourceTitle "playchess.com"]
[Source "ChessBase"]
[SourceQuality "1"]
[TimeControl "5400+30"]

1. e4 e6 2. g3 d5 3. exd5 {[%emt 0:00:20] C00: French: Unusual White 2nd moves} (3. Bg2 dxe4 4. Bxe4 Nf6 5. Bg2 Bd7 6. Nf3 Bc6 7. O-O g6 8. d4 Bg7 9. c4 O-O 10. Nc3 Ne4 11. Re1 Nxc3 12. bxc3 {1-0 (32) Artemiev,V (2691)-Ivanchuk,V (2726) Huaian 2017}) 3... exd5 4. Bg2 Nf6 5. Qe2+ Be7 6. d4 O-O 7. Be3 $146 ({Predecessor:} 7. Nf3 b6 8. b3 Ba6 9. c4 dxc4 10. bxc4 Bb4+ {0-1 (19) Jacob,T (1651)-Dorsch,A (2042) Leipzig 2011}) 7... Re8 8. Nf3 Bg4 9. h3 Bh5 10. g4 Bg6 11. Ne5 Bd6 12. Nxg6 hxg6 13. Nd2 c5 14. Nb3 cxd4 15. Nxd4 Nc6 16. O-O-O Nxd4 17. Rxd4 Bc5 18. Rd3 Qa5 19. Kb1 Qb5 20. Qd1 Bxe3 21. fxe3 Re5 22. h4 Rd8 ({Black should try} 22... Rae8 $14) 23. Rf1 Ne4 24. Rf4 Qe8 25. Qh1 Nf6 26. g5 Nh5 ({Ein No Go ist} 26... Rxe3 $6 27. Rxe3 Qxe3 28. Rf3 $16) 27. Rf3 d4 28. Qc1 dxe3 29. Rfxe3 Rxd3 30. Rxd3 $4 {[%emt 0:00:17] [#]} (30. Rxe5 $11 {and White stays safe.} Qxe5 31. cxd3) 30... Nf4 $1 31. Qxf4 Re1+ 32. Qc1 Rxc1+ 33. Kxc1 Qe1+ 34. Rd1 Qxh4 35. Bxb7 Qxg5+ 36. Kb1 f5 37. c4 f4 38. Bd5+ Kf8 39. b4 Qf5+ 40. Kb2 f3 41. Rf1 f2 42. Kc3 Qh3+ 43. Kd4 0-1

[Event "World Chess Trophy 2018"]
[Site "Tenerife"]
[Date "2018.06.17"]
[Round "1"]
[White "Mamani Beltran, Deniman"]
[Black "Ciampi, Vincenzo"]
[Result "0-1"]
[ECO "B15"]
[WhiteElo "1656"]
[BlackElo "1959"]
[Annotator "NA RC"]
[PlyCount "42"]
[EventDate "2018.06.17"]
[EventType "swiss"]
[EventCountry "ESP"]
[SourceTitle "playchess.com"]
[Source "ChessBase"]
[SourceQuality "1"]
[TimeControl "5400+30"]

1. e4 c6 2. d4 d5 3. Nc3 dxe4 4. Nxe4 Nf6 5. Ng5 h6 6. N5f3 Bf5 7. Bc4 {[%emt 0:00:14] B15: Caro-Kann: 3 Nc3: 3...g6 and 3...dxe4 4 Nxe4 Nf6 5 Nxf6+ exf6} e6 (7... Nbd7 8. Ne2 e6 9. Ng3 Bh7 10. O-O Be7 11. Bd3 Bxd3 12. Qxd3 O-O 13. Rd1 Rc8 14. Qe2 Qa5 {½-½ (34) Sukandar,I (2387)-Blohberger,F (2367) Villorba 2018}) 8. Ne2 Bd6 9. O-O Qc7 10. h3 $146 ({Predecessor:} 10. Ng3 Bh7 11. Re1 O-O 12. Be3 Nbd7 13. Qd2 Ng4 14. h3 Nxe3 15. Qxe3 Bxg3 16. fxg3 Qxg3 17. Bxe6 fxe6 18. Qxe6+ {0-1 (23) Berne,C-Taunay,J Lyon 1999}) 10... Nbd7 11. Be3 g5 12. Qd2 g4 13. Nh4 gxh3 14. g3 Ne4 15. Qe1 O-O-O 16. Kh2 (16. Nxf5 $17 exf5 17. Bxf7) 16... Ndf6 17. Nxf5 exf5 18. Bxf7 $2 (18. Nc3) 18... Qxf7 19. Kxh3 Ng5+ 20. Kg2 Ng4 $19 21. Qa5 Qh5 0-1

[Event "World Chess Trophy 2018"]
[Site "Tenerife"]
[Date "2018.06.17"]
[Round "1"]
[White "Vannelli, Vittorio"]
[Black "Pirrello, Christian"]
[Result "0-1"]
[ECO "B72"]
[WhiteElo "1638"]
[BlackElo "1935"]
[Annotator "NA RC"]
[PlyCount "116"]
[EventDate "2018.06.17"]
[EventType "swiss"]
[EventCountry "ESP"]
[SourceTitle "playchess.com"]
[Source "ChessBase"]
[SourceQuality "1"]
[TimeControl "5400+30"]

1. e4 g6 2. d4 Bg7 3. Nc3 c5 4. Nf3 cxd4 5. Nxd4 Nc6 6. Be3 d6 (6... Nf6 $1 $11) 7. Be2 {[%emt 0:03:14] LiveBook: 55 Games} Nf6 8. O-O O-O 9. Nb3 Ne5 10. h3 Be6 11. f4 {[%emt 0:04:39] B72: Sicilian Dragon: 6 Be3, lines with h3+Bc4 and sidelines} (11. Nd4 Qc8 12. Nxe6 fxe6 13. f4 Nc4 14. Bxc4 Qxc4 15. Qd3 Rfc8 16. Bd4 b5 17. a3 a6 18. Rad1 Qxd3 19. cxd3 {½-½ (29) Naroditsky,D (2403)-Paragua,M (2476) Irvine 2010}) 11... Nc4 12. Bxc4 Bxc4 13. Rf2 a6 $146 ({Predecessor:} 13... b5 14. Nd2 b4 15. Ne2 Bxe2 16. Qxe2 d5 17. Bc5 dxe4 18. Rd1 Qc7 {0-1 (45) Groselj,P (2015)-Slepankova,R (2005) Litomysl 1994}) 14. Qf3 Qc7 15. Rd2 b5 16. Re1 Nd7 17. Bd4 Nb6 18. Bxg7 Kxg7 19. f5 b4 20. Nd5 Bxd5 21. exd5 Nc4 22. f6+ exf6 23. Rf2 f5 24. g4 Ne5 25. Qe3 (25. Qf4 $17 {was worth a try.}) 25... fxg4 26. Qf4 f5 27. Nd4 Rae8 28. Ne6+ Rxe6 29. dxe6 Nf3+ $2 (29... Qc5 $17 30. Kg2 h5) 30. Rxf3 $1 gxf3 31. Qd4+ Kg8 32. e7 Re8 33. Qd5+ Kg7 $11 34. Qd4+ Kf7 35. Qd5+ Kf6 36. Qe6+ $2 Kg7 37. Kf2 Qxc2+ 38. Kxf3 Qd3+ 39. Kg2 f4 40. Qg4 Qg3+ $2 (40... Qd5+ $19 41. Kf2 Qd4+ 42. Kf3 Qd5+ 43. Kf2 Qd4+ 44. Kf3 Qxb2 45. Qxf4 Qf6 46. Qxf6+ Kxf6) 41. Qxg3 fxg3 42. Re6 d5 43. Kxg3 Kf7 44. Rxa6 Kxe7 45. Rb6 Ra8 46. Rxb4 Rxa2 47. Kf4 Kd6 48. Ke3 Ra1 49. Rh4 (49. Rb7 $17) 49... h5 50. Rb4 g5 51. h4 Kc5 52. Rb8 g4 $2 ({Don't take} 52... gxh4 53. Rc8+ Kd6 54. Rd8+ Ke5 55. Re8+ Kf5 56. Rf8+ Ke6 57. Re8+ Kf7 58. Rh8 $19) (52... d4+ $19 {and Black stays clearly on top.} 53. Kd3 gxh4 54. b4+ Kd6 55. Rb6+ Ke7) 53. Rh8 Re1+ 54. Kd2 Re5 55. Rg8 $2 (55. Kd3 $17 {nothing else works.}) 55... Kd4 56. b4 Kc4 $11 ({Better is} 56... Ke4 $19 57. b5 Re6) 57. Rg5 Re4 58. b5 g3 0-1

[Event "World Chess Trophy 2018"]
[Site "Tenerife"]
[Date "2018.06.17"]
[Round "2"]
[White "Kohlweyer, Bernd"]
[Black "Efremov, Vladislav"]
[Result "1-0"]
[ECO "D35"]
[WhiteElo "2345"]
[BlackElo "1968"]
[Annotator "NA"]
[PlyCount "65"]
[EventDate "2018.06.17"]
[EventType "swiss"]
[EventCountry "ESP"]
[SourceTitle "playchess.com"]
[Source "ChessBase"]
[SourceQuality "1"]
[TimeControl "5400+30"]

1. d4 Nf6 2. c4 e6 3. Nc3 d5 4. cxd5 exd5 5. Bg5 Bb4 6. e3 h6 7. Bh4 Qd6 {[%emt 0:07:44] D35: Queen's Gambit Declined: Exchange Variation} (7... g5 8. Bg3 Ne4 9. Qb3 c5 10. Bd3 Nc6 11. Bxe4 dxe4 12. d5 Na5 13. Qa4+ Qd7 14. Qxd7+ Bxd7 15. Nge2 {½-½ (29) Ding,L (2772)-Lodici,L (2407) Antalya 2017}) 8. Bd3 O-O 9. Nge2 Ne4 10. O-O Bf5 $146 ({Predecessor:} 10... Nxc3 11. bxc3 Ba5 12. Rb1 c6 13. f3 Bc7 14. Bg3 Qe7 15. e4 dxe4 16. fxe4 {½-½ (70) Tomczak,M (2372)-Dvirnyy,D (2532) Katowice 2017}) 11. f3 Nxc3 12. bxc3 Bxd3 13. Qxd3 Ba5 14. e4 dxe4 15. fxe4 Nc6 16. Rf3 Bb6 17. Kh1 Ne7 18. e5 Qd7 19. Bxe7 Qxe7 20. Ng3 g6 21. Ne4 c6 22. Raf1 Bd8 23. Qe3 Kg7 24. Rh3 Rh8 25. Nd6 Qg5 26. Rxf7+ Kg8 27. Rg3 Rh7 28. Rxg5 Bxg5 29. Qf3 Rxf7 30. Qxf7+ Kh8 31. Qxg6 Rf8 32. Nf7+ Rxf7 33. Qxf7 1-0

[Event "World Chess Trophy 2018"]
[Site "Tenerife"]
[Date "2018.06.17"]
[Round "2"]
[White "Steiner, Juraj"]
[Black "Kraus, Oliver"]
[Result "1/2-1/2"]
[ECO "D14"]
[WhiteElo "2001"]
[BlackElo "2044"]
[Annotator "NA RC"]
[PlyCount "126"]
[EventDate "2018.06.17"]
[EventType "swiss"]
[EventCountry "ESP"]
[SourceTitle "playchess.com"]
[Source "ChessBase"]
[SourceQuality "1"]
[TimeControl "5400+30"]

1. d4 d5 2. c4 c6 3. cxd5 cxd5 4. Nc3 Nf6 5. Bf4 Nc6 6. e3 Bf5 7. Nf3 e6 8. Be2 Bd6 9. Bg3 {[%emt 0:00:58] D14: Slav Defence: Exchange variation with ...Bf5} (9. Bxd6 Qxd6 10. O-O O-O 11. Rc1 Rfc8 12. a3 Nd7 13. Na4 h6 14. b4 a5 15. b5 Ne7 16. Qb3 Rxc1 17. Rxc1 Rc8 18. Rxc8+ Nxc8 {0-1 (99) Gomez,J (2463)-Pourramezanali,A (2534) Ashkhabad 2017}) 9... O-O 10. Nh4 Bxg3 $146 ({Predecessor:} 10... Bg6 11. Nxg6 hxg6 12. O-O Ne8 13. Rc1 Rc8 14. Na4 Bxg3 15. hxg3 Nd6 16. Nc5 b6 {½-½ (73) Ungurs,K (2024)-Paszewski,M (2291) St Petersburg 2016}) 11. hxg3 Bg6 12. Nxg6 hxg6 13. f4 Rc8 14. Rc1 Qb6 15. Qb3 Qxb3 16. axb3 Na5 17. Ra1 Nc6 18. O-O a6 19. g4 Nb4 20. g5 Ne4 21. Nxe4 dxe4 22. Rac1 b5 23. Kf2 Rfd8 24. Rfd1 Kf8 25. Ke1 Ke7 26. Kd2 Kd7 27. Bf1 (27. Rc3 $11 {bleibt in der Remisbreite.}) 27... Rxc1 28. Rxc1 Rc8 29. Rxc8 Kxc8 30. g4 Kc7 (30... f6 $11 {remains equal.}) 31. Bg2 f5 32. gxf6 gxf6 33. Bxe4 f5 34. Bf3 Kd6 35. gxf5 gxf5 36. Kc3 Na2+ 37. Kd2 Nb4 38. e4 fxe4 39. Bxe4 a5 40. Ke3 Na6 41. Bd3 Nc7 42. Ke4 b4 $1 43. Bc4 Ne8 44. f5 Nf6+ 45. Kf4 exf5 46. Kxf5 Nd5 47. Ke4 Nb6 48. Kd3 Nd7 49. Bg8 Nb6 50. Bh7 a4 $2 (50... Kd5 $16) 51. bxa4 Nxa4 52. b3 Nb6 $2 {[%emt 0:00:42] [#]} (52... Nc3 53. Kc4 Ne2) 53. Bg8 $1 Kc6 54. Ke3 $2 (54. Ke4 $18 {is the precise move to win.} Kc7 55. d5) 54... Kd6 55. Ke4 Nd7 56. Kd3 Nb6 57. Bf7 Ke7 58. Bh5 Kd6 59. Bg4 Ke7 60. Bf3 Kd6 61. Bb7 Kc7 62. Ba6 Kd6 63. Ke4 Nd5 $16 1/2-1/2

[Event "World Chess Trophy 2018"]
[Site "Tenerife"]
[Date "2018.06.17"]
[Round "2"]
[White "Aledo Yanguas, David"]
[Black "Baete, Guy"]
[Result "1/2-1/2"]
[ECO "B07"]
[WhiteElo "1986"]
[BlackElo "1861"]
[Annotator "NA RC"]
[PlyCount "160"]
[EventDate "2018.06.17"]
[EventType "swiss"]
[EventCountry "ESP"]
[SourceTitle "playchess.com"]
[Source "ChessBase"]
[SourceQuality "1"]
[TimeControl "5400+30"]

1. e4 d6 2. d4 e5 3. dxe5 dxe5 4. Qxd8+ Kxd8 5. Bc4 Be6 6. Bxe6 fxe6 7. Nc3 c6 8. Be3 Bd6 9. Nf3 Nf6 10. O-O-O Ke7 11. Rd3 {[%emt 0:02:30] B07: Pirc Defence: Miscellaneous Systems} Nbd7 12. Rhd1 Bc7 13. Nd2 (13. Na4 b6 14. Rc3 c5 15. Nd2 Rac8 16. a3 Nb8 17. b4 cxb4 18. axb4 Bd6 {½-½ (50) Landa,K (2639)-Shahinyan,D (2362) Loo 2014}) 13... Bb6 $146 ({Predecessor:} 13... b5 14. Nb3 Bb6 15. Bg5 Rhd8 16. Rg3 Kf7 17. Rf3 a5 18. a4 b4 {½-½ (34) Tsereteli,T (2243)-Nikoladze,S (2231) Tbilisi 2002}) 14. Nc4 Bxe3+ 15. Rxe3 g6 16. Na5 Rab8 17. Na4 Rhc8 18. f3 b6 19. Nb3 Rd8 20. Red3 Nf8 21. c4 Rxd3 22. Rxd3 Rd8 23. Kc2 Rxd3 24. Kxd3 g5 25. c5 N8d7 26. cxb6 axb6 27. Kc3 g4 28. Kb4 h5 29. Nc3 h4 30. a4 h3 31. gxh3 gxf3 32. Nd2 f2 33. a5 bxa5+ 34. Kc4 Nh5 35. Nd1 Kd6 36. Nxf2 Nb6+ 37. Kc3 Na4+ 38. Kb3 Nc5+ 39. Kc4 Na4 40. b4 Nb6+ 41. Kc3 axb4+ 42. Kxb4 Nd7 43. Nd3 Ke7 44. Nc5 Nf4 45. h4 Nf6 46. Nf3 Ng6 47. h3 Nh5 48. Nd3 Kd6 49. Ng5 Nxh4 50. Nf7+ Ke7 51. Nfxe5 Nf6 52. Nxc6+ Kf7 53. Nc5 Nf3 54. Kc4 Ng1 55. Ne5+ Kg8 56. h4 Ne2 57. Nc6 Nf4 58. e5 N6h5 59. Kd4 Ng6 60. Nxe6 Nxh4 61. Ng5 Kg7 62. Ne7 Kf8 $11 63. Nd5 Ng7 64. Nf4 Ke7 65. Kc5 Nhf5 66. Ng6+ Kd7 67. Nf4 Ke7 68. Kc6 Nd4+ 69. Kb7 Nde6 70. Nd5+ Kd7 71. Ne4 Nf5 72. Ndf6+ Ke7 73. Kc8 Neg7 74. Nc5 Nd6+ 75. Kc7 Nde8+ 76. Nxe8 Nxe8+ 77. Kc6 Nf6 78. Kc7 Nd5+ 79. Kb7 Nf4 80. Kc6 Ng6 1/2-1/2

[Event "World Chess Trophy 2018"]
[Site "Tenerife"]
[Date "2018.06.17"]
[Round "2"]
[White "Ciampi, Vincenzo"]
[Black "Mamani Beltran, Daniel"]
[Result "0-1"]
[ECO "D78"]
[WhiteElo "1959"]
[BlackElo "1623"]
[Annotator "NA RC"]
[PlyCount "60"]
[EventDate "2018.06.17"]
[EventType "swiss"]
[EventCountry "ESP"]
[SourceTitle "playchess.com"]
[Source "ChessBase"]
[SourceQuality "1"]
[TimeControl "5400+30"]

1. Nf3 d5 2. g3 Nf6 3. Bg2 g6 4. O-O Bg7 5. d4 O-O 6. Ne5 Nbd7 7. c4 c6 8. cxd5 Nxe5 9. dxe5 Nxd5 10. f4 Qb6+ 11. Kh1 Rd8 12. Qb3 Bg4 13. Bxd5 cxd5 14. Qxb6 axb6 15. Re1 Rac8 16. Na3 f6 17. Be3 fxe5 18. Bxb6 Rd6 19. Be3 exf4 20. Bxf4 Rb6 21. Rad1 Bxb2 22. Nb1 e5 23. Bg5 d4 24. Rd3 e4 25. Rb3 Rxb3 26. axb3 Rc2 27. Kg1 Rxe2 28. Rxe2 Bxe2 29. Kf2 Bd3 30. Nd2 e3+ 0-1

[Event "World Chess Trophy 2018"]
[Site "Tenerife"]
[Date "2018.06.17"]
[Round "2"]
[White "Pirrello, Christian"]
[Black "Harstad, Christian"]
[Result "1-0"]
[ECO "A30"]
[WhiteElo "1935"]
[BlackElo "1985"]
[Annotator "NA"]
[PlyCount "107"]
[EventDate "2018.06.17"]
[EventType "swiss"]
[EventCountry "ESP"]
[SourceTitle "playchess.com"]
[Source "ChessBase"]
[SourceQuality "1"]
[TimeControl "5400+30"]

1. Nf3 c5 2. b3 Nf6 3. Bb2 g6 4. g3 b6 5. Bg2 Bb7 6. O-O Bg7 7. c4 O-O 8. Nc3 d6 9. d4 cxd4 10. Nxd4 Bxg2 11. Kxg2 Qc7 {[%emt 0:01:26] A30: Symmetrical English: Double Fianchetto and Hedgehog} (11... Qc8 12. e4 Qb7 13. f3 Nbd7 14. Qe2 Rfe8 15. Rfd1 a6 16. Rab1 Rac8 17. a4 e6 18. Kg1 d5 19. e5 Nh5 20. f4 dxc4 21. Ne4 Bf8 22. bxc4 {0-1 (41) Korotylev,A (2573)-Dubov,D (2666) Sochi 2017}) 12. e4 Nbd7 13. Nd5 Nxd5 14. cxd5 Qb7 15. Qd2 $146 ({Predecessor:} 15. Qe2 Rfe8 16. b4 a6 17. a4 e6 18. dxe6 fxe6 19. Rfc1 {1-0 (74) Galindo,R (2270)-Moravich Casais,J Buenos Aires 1991}) 15... Nc5 16. f3 a5 17. Ne2 Bxb2 18. Qxb2 b5 19. Nf4 b4 20. Rfd1 a4 21. Nd3 Nxd3 22. Rxd3 Rfc8 23. bxa4 Rxa4 24. Rdd1 Rc5 25. Rdc1 Qc7 26. Rxc5 dxc5 27. e5 c4 28. Qd4 b3 29. d6 exd6 30. exd6 Qa7 31. Qd5 Rxa2+ 32. Rxa2 bxa2 33. d7 a1=Q 34. d8=Q+ Kg7 35. Qxc4 {[%emt 0:04:27] [#]} Q7g1+ $2 ({Besser ist} 35... Qb2+ $1 $19 36. Kh3 Qaf2 37. Qxf7+ Kxf7 38. Qd7+ Kf6 39. Qd8+ Ke5 40. Qe7+ Kd4 41. Qe4+ Kc3 42. Qe5+ Kc2) 36. Kh3 Qaf1+ 37. Qxf1 Qxf1+ 38. Kg4 h5+ 39. Kf4 Qc1+ 40. Ke4 f5+ 41. Ke5 Qe3+ 42. Kd6 Qd4+ 43. Ke7 Qe5+ 44. Kd7 Kf7 45. Qc7 Qe6+ 46. Kd8+ Kf8 47. Qc5+ Kg7 $2 (47... Kg8 $11) 48. Qe7+ Qf7 49. f4 Kg8 50. Qxf7+ Kxf7 51. Kd7 Kf6 52. Kd6 g5 {[%emt 0:00:20] [#]} 53. h4 $1 g4 54. Kd5 1-0

[Event "World Chess Trophy 2018"]
[Site "Tenerife"]
[Date "2018.06.17"]
[Round "2"]
[White "Vespe, Francesco"]
[Black "Pumilia, Antonello"]
[Result "1-0"]
[ECO "D88"]
[WhiteElo "1853"]
[BlackElo "1375"]
[Annotator "NA RC"]
[PlyCount "85"]
[EventDate "2018.06.17"]
[EventType "swiss"]
[EventCountry "ESP"]
[SourceTitle "playchess.com"]
[Source "ChessBase"]
[SourceQuality "1"]
[TimeControl "5400+30"]

1. d4 Nf6 2. c4 g6 3. Nc3 d5 4. cxd5 Nxd5 5. e4 Nxc3 6. bxc3 Bg7 7. Be3 O-O 8. Bc4 c5 9. Ne2 Qa5 10. O-O Nc6 11. Qc1 cxd4 12. cxd4 Rd8 {[%emt 0:10:31] D88: Grünfeldindisch (Abtauschvariante, Aljechin-Variante)} 13. Rd1 Bg4 $146 ({Vorgänger:} 13... Bd7 14. Rb1 Rab8 15. Rd3 a6 16. Rdb3 b5 17. Ra3 Qb6 18. Rd3 Qb7 19. Bg5 Rdc8 20. Qf4 bxc4 21. Rxb7 cxd3 22. Rxb8 Rxb8 {½-½ (33) Ledovski,A-Emami Eghdam,K Willingen 2001}) 14. f3 Bd7 15. Rb1 Qc7 16. Bf4 Qc8 17. Qc3 a6 18. Rbc1 Be6 19. Bxe6 Qxe6 20. Qd2 Nxd4 21. Kf1 Nc6 22. Qc2 Be5 23. Qb1 Rxd1+ 24. Rxd1 b5 25. Rc1 {[%emt 0:02:27] [#]} Rd8 $2 {[%emt 0:01:22] [#]} (25... Na5 $1 $19 26. Rd1 Nc4) 26. g3 $2 (26. Rxc6 $1 $11 Qxc6 27. Bxe5) 26... Qh3+ 27. Kg1 Nd4 28. Nxd4 $19 (28. Qd3 Nxe2+ 29. Qxe2 Bxf4 30. gxf4) 28... Bxd4+ 29. Kh1 Qh5 30. Kg2 g5 31. Bc7 Rd7 32. Qd3 g4 33. f4 Qh3+ 34. Kh1 Bg1 35. Qe2 Rd3 36. Kxg1 Rxg3+ 37. hxg3 Qxg3+ 38. Kf1 Qh3+ 39. Ke1 g3 40. Kd2 g2 41. Qe3 Qd7+ 42. Ke2 Qg4+ 43. Kf2 1-0

[Event "World Chess Trophy 2018"]
[Site "Tenerife"]
[Date "2018.06.17"]
[Round "2"]
[White "Baez Luis, Adrian"]
[Black "Rutherford, William"]
[Result "1/2-1/2"]
[ECO "B13"]
[WhiteElo "1621"]
[BlackElo "1959"]
[Annotator "NA RC"]
[PlyCount "103"]
[EventDate "2018.06.17"]
[EventType "swiss"]
[EventCountry "ESP"]
[SourceTitle "playchess.com"]
[Source "ChessBase"]
[SourceQuality "1"]
[TimeControl "5400+30"]

1. e4 c6 2. d4 d5 3. exd5 cxd5 4. Bd3 Nc6 5. c3 g6 6. Bf4 Bg7 7. Nf3 Nh6 8. O-O O-O 9. h4 $146 {[%emt 0:01:44] B13: Caro-Kann: Exchange Variation and Panov-Botvinnik Attack} ({Predecessor:} 9. Re1 Re8 10. Qd2 Nf5 11. Na3 a6 12. Nc2 f6 13. c4 dxc4 14. Bxc4+ Kh8 15. Rad1 b5 16. Bf7 Rf8 17. Be6 Bxe6 18. Rxe6 {½-½ (34) Singer,C (2401)-Bayer,B (2411) Austria 2018}) 9... Nf5 10. h5 Nd6 11. Nbd2 Bf5 12. Qe2 Bxd3 13. Qxd3 a6 14. g3 Rc8 15. Kg2 Nc4 16. hxg6 hxg6 17. Nxc4 dxc4 18. Qe3 e6 19. Rh1 Ne7 20. Bg5 Nf5 21. Qe2 Qd5 22. g4 Nd6 23. Bh6 Qe4 24. Qxe4 Nxe4 25. g5 Rfd8 26. Rh4 Nd6 27. Rah1 b5 28. Bxg7 Kxg7 29. Ne5 ({White should play} 29. Rh7+ $18 Kf8 30. Ne5) 29... Rh8 30. Rxh8 Rxh8 31. Rxh8 Kxh8 32. Kf3 Kg7 33. Nd7 a5 34. a3 Nf5 35. Ke4 Ne7 36. Ke5 Nd5 37. Kd6 b4 38. axb4 axb4 39. cxb4 Nxb4 40. Kc5 $2 (40. Ne5 $18) 40... Nd3+ 41. Kxc4 Nxb2+ 42. Kb3 Nd3 43. f3 Nf4 $11 44. Nf6 Nh3 45. Ne4 Ng1 46. Nd2 f5 47. gxf6+ Kxf6 48. Kc4 Kf5 49. d5 exd5+ 50. Kxd5 Kf4 51. Ke6 Nxf3 52. Nxf3 {[%emt 0:24:50] Kxf3Kf6*} 1/2-1/2

[Event "World Chess Trophy 2018"]
[Site "Tenerife"]
[Date "2018.06.18"]
[Round "3"]
[White "Cacciola, Alfredo"]
[Black "Kosov, Alexey"]
[Result "1/2-1/2"]
[ECO "B60"]
[WhiteElo "2219"]
[BlackElo "2208"]
[Annotator "ChessBase"]
[PlyCount "106"]
[EventDate "2018.06.17"]
[EventType "swiss"]
[EventCountry "ESP"]
[SourceTitle "playchess.com"]
[Source "ChessBase"]
[SourceQuality "1"]
[TimeControl "5400+30"]

1. e4 c5 2. Nf3 d6 3. d4 cxd4 4. Nxd4 Nf6 5. Nc3 Nc6 6. Bg5 h6 7. Bxf6 gxf6 8. Qd2 Nxd4 9. Qxd4 Bg7 10. f4 O-O 11. f5 e6 12. O-O-O exf5 13. Qxd6 Qxd6 14. Rxd6 Be6 15. exf5 Bxf5 16. Bd3 Be6 17. Rf1 Rac8 18. Nd5 Bxd5 19. Rxd5 Rfd8 20. Be4 Rxd5 21. Bxd5 b6 22. g4 Re8 23. Kd2 Re5 24. c4 h5 25. h3 Bh6+ 26. Kd1 Kg7 27. Rf5 hxg4 28. hxg4 Rxf5 29. gxf5 Kf8 30. Ke2 Bf4 31. b4 Bd6 32. a3 a5 33. c5 Bc7 34. bxa5 bxa5 35. Kd3 Ke7 36. Kc4 Kd7 37. Kb5 Kc8 38. Bxf7 Kb8 39. Be6 Bd8 40. Kc6 Bc7 41. a4 Be5 42. Kb6 Bc7+ 43. Ka6 Bd8 44. Kb5 Bc7 45. Bd7 Bd8 46. Kc6 Bc7 47. Be8 Be5 48. Bf7 Bc7 49. Bc4 Be5 50. Ba6 Bc7 51. Kd7 Be5 52. c6 Bf4 53. Ke6 Be5 1/2-1/2